Map: Ascension to Aiur LE

Players

AiLillekanin (Lillekanin)

  • Race: Terran Terran
  • League: Master
  • Spawn Location: 11:00

Bly - Winner!

  • Race: Zerg Zerg
  • Spawn Location: 5:00

Event: WESG Barcelona European Finals 2017

VOD

Have the link to the VOD?

Description

Time

  • Played on: Nov. 23, 2017, 6:47 a.m.
  • Length: 12:16

All games in this series

Show
View Real Time Build Order
Export as new Build Order

AiLillekanin Terran 

Build Orders: Gas First Reaper Expand, Liberator Opening, Reaper Expand, Mech 

Get SALT Encoding   

  12  0:00  SCV  
  13  0:12  SCV  
  14  0:17  Supply Depot  
  14  0:25  SCV  
  15  0:30  Refinery  
  15  0:39  SCV  
  16  0:44  Barracks  
  16  0:51  SCV  
  17  1:03  SCV  
  18  1:15  SCV  
  19  1:31  Orbital Command  
  19  1:32  Reaper  
  20  1:48  Command Center  
  20  1:57  SCV  
  21  2:02  Factory  
  21  2:07  Barracks Reactor  
  21  2:10  SCV  
  22  2:16  Supply Depot  
  22  2:21  Refinery  
  22  2:23  SCV  
  23  2:37  SCV  
  24  2:49  SCV  
  24  2:52  Starport, Marine x2  
  26  3:02  SCV  
  27  3:06  Orbital Command  
  27  3:10  Cyclone  
  30  3:14  SCV  
  30  3:17  Marine x2  
  33  3:26  SCV  
  34  3:29  Supply Depot  
  34  3:31  Medivac  
  34  3:33  SCV  
  37  3:38  SCV  
  38  3:45  SCV  
  38  3:46  Liberator  
  39  3:50  Hellion x2  
  39  3:53  Supply Depot  
  39  3:54  SCV  
  44  3:58  SCV  
  45  4:06  SCV  
  49  4:11  SCV  
  49  4:14  Hellion  
  49  4:15  Supply Depot  
  49  4:17  Hellion  
  54  4:24  SCV  
  54  4:28  SCV  
  56  4:35  Hellion  
  56  4:36  SCV  
  56  4:38  Hellion  
  61  4:49  SCV  
  62  4:54  Command Center  
  62  4:57  SCV, Supply Depot  
  62  4:59  Starport Tech Lab  
  63  5:01  SCV  
  63  5:06  Hellion x2  
  68  5:10  SCV  
  68  5:13  SCV  
  70  5:22  Cloaking Field, Banshee  
  73  5:35  Factory, Refinery x2  
  70  5:36  Factory  
  70  5:42  Supply Depot  
  70  5:45  SCV  
  70  5:48  SCV  
  71  5:57  SCV, Hellion  
  71  5:58  Hellion  
  71  6:00  SCV, Armory  
  71  6:02  Armory  
  76  6:09  SCV, Banshee  
  79  6:12  SCV  
  68  6:21  SCV, Factory Tech Lab  
  68  6:22  Factory Tech Lab  
  68  6:23  Orbital Command  
  68  6:24  SCV  
  70  6:28  Hellion x2  
  74  6:33  SCV  
  74  6:38  SCV  
  76  6:45  Siege Tank  
  76  6:46  Siege Tank  
  82  6:51  Orbital Command  
  82  6:55  SCV  
  82  6:58  Banshee  
  82  7:01  SCV  
  82  7:09  Cyclone  
  82  7:18  Siege Tank  
  82  7:19  Hellion  
  87  7:28  SCV  
  85  7:32  Siege Tank  
  85  7:34  SCV  
  81  7:40  Hellion  
  81  7:41  SCV x2  
  81  7:42  Hellion  
  83  7:46  SCV  
  83  7:50  Siege Tank  
  81  7:53  SCV x2  
  81  7:56  Terran Vehicle Weapons Level 1  
  81  7:58  SCV  
  82  8:02  Hellion  
  82  8:03  Hellion  
  82  8:04  Hellion  
  82  8:05  SCV x2  
  89  8:10  SCV  
  91  8:12  Refinery  
  91  8:17  SCV  
  91  8:18  SCV, Command Center, Refinery  
  92  8:21  Raven  
  92  8:22  SCV  
  95  8:27  Terran Vehicle And Ship Armor Level 1  
  95  8:29  SCV, Supply Depot  
  95  8:30  SCV  
  95  8:32  Supply Depot  
  95  8:33  Siege Tank  
  98  8:34  SCV  
  98  8:40  Hellion  
  101  8:46  Hellion  
  101  8:47  Supply Depot x2  
  101  8:48  Supply Depot  
  101  8:51  SCV x3, Siege Tank  
  101  8:53  Engineering Bay  
  104  9:06  Siege Tank  
  104  9:08  Hellion x2  
  100  9:23  Siege Tank  
  95  9:28  SCV x2  
  88  9:32  Factory  
  88  9:38  Hellion, Siege Tank  
  86  9:39  Hellion  
  86  9:40  Supply Depot  
  86  9:43  Missile Turret  
  86  9:44  Missile Turret  
  88  9:48  SCV  
  88  9:49  SCV  
  88  9:51  Sensor Tower, Missile Turret  
  90  9:54  Missile Turret  
  90  9:55  Siege Tank  
  90  9:56  SCV  
  90  9:58  Supply Depot  
  96  10:00  Hellion  
  96  10:04  Factory  
  94  10:10  Siege Tank  
  97  10:18  SCV x2  
  97  10:20  Hellion x2  
  99  10:27  Siege Tank  
  102  10:29  SCV x2  
  102  10:31  SCV x2  
  106  10:35  Refinery  
  106  10:40  Viking  
  106  10:42  Siege Tank  
  111  10:45  Starport  
  111  10:48  SCV  
  112  10:51  Hellion x2  
  112  10:54  Factory Tech Lab x2  
  112  10:56  SCV  
  117  11:04  Hellion  
  117  11:07  SCV  
  118  11:12  Hellion x2  
  118  11:15  Thor, Missile Turret x2  
  122  11:39  Siege Tank  
  123  11:40  Hellion x2, Siege Tank  
  129  11:54  Command Center  
Show
View Real Time Build Order
Export as new Build Order

Bly Zerg - Winner!

Build Orders: Pool First 

Get SALT Encoding   

  12  0:01  Drone  
  13  0:13  Overlord  
  13  0:18  Drone  
  14  0:31  Drone x2  
  16  0:41  Spawning Pool  
  15  0:45  Drone  
  16  0:50  Drone  
  17  1:10  Hatchery  
  16  1:13  Drone  
  16  1:16  Drone  
  18  1:20  Extractor  
  17  1:28  Zergling x4  
  19  1:33  Queen  
  21  1:40  Overlord  
  21  1:54  Drone  
  22  2:02  Drone  
  23  2:08  Queen  
  25  2:22  Spine Crawler  
  24  2:25  Spine Crawler  
  23  2:33  Queen  
  27  2:37  Drone x3  
  27  2:42  Drone x5  
  33  2:48  Overlord  
  33  2:57  Overlord  
  33  2:59  Metabolic Boost  
  33  3:05  Drone x2  
  35  3:06  Drone  
  36  3:21  Hatchery  
  35  3:27  Drone x4  
  35  3:31  Drone x2  
  41  3:35  Drone x2  
  43  3:41  Overlord  
  43  3:43  Queen  
  45  3:52  Zergling x10  
  45  3:53  Zergling x2  
  51  3:59  Queen  
  53  4:10  Drone x2  
  53  4:15  Zergling x4  
  57  4:22  Zergling x6  
  60  4:25  Overlord  
  60  4:31  Overlord x2  
  60  4:34  Overlord  
  60  4:37  Spore Crawler  
  59  4:45  Drone x5  
  64  4:50  Roach Warren  
  64  4:52  Extractor  
  62  5:03  Drone x2  
  62  5:04  Drone x2  
  66  5:07  Overlord  
  66  5:08  Extractor  
  65  5:19  Zergling x4  
  65  5:20  Zergling x8  
  68  5:34  Roach x8  
  68  5:35  Queen x2  
  90  5:39  Lair  
  88  5:57  Roach x5  
  88  6:00  Overlord  
  94  6:19  Drone  
  94  6:20  Drone x11  
  106  6:27  Extractor  
  106  6:28  Evolution Chamber  
  106  6:30  Spore Crawler  
  106  6:31  Spore Crawler x2  
  101  6:33  Hatchery  
  101  6:39  Overseer  
  98  6:41  Overlord x2  
  98  6:42  Glial Reconstitution  
  98  6:44  Drone x3  
  98  6:46  Drone x3, Infestation Pit  
  101  6:50  Overlord  
  101  6:57  Drone x2  
  101  6:58  Drone x2  
  101  6:59  Drone  
  106  7:03  Overlord  
  106  7:12  Overlord  
  105  7:26  Drone x3  
  99  7:33  Roach x8  
  99  7:34  Drone x2  
  109  7:39  Overlord  
  108  7:49  Overlord  
  108  7:51  Hive  
  106  7:52  Hydralisk Den, Drone x4  
  106  7:53  Drone, Extractor  
  106  7:54  Evolution Chamber  
  106  7:57  Extractor  
  98  8:01  Drone  
  98  8:02  Drone x5  
  98  8:03  Drone  
  103  8:10  Roach x9  
  119  8:26  Muscular Augments, Zerg Missile Weapons Level 1, Hydralisk  
  119  8:27  Hydralisk x5  
  131  8:37  Drone x2  
  131  8:38  Spore Crawler  
  131  8:39  Drone x5  
  134  8:43  Overlord  
  134  8:45  Overlord  
  134  8:47  Hydralisk  
  134  8:56  Overlord  
  132  9:03  Hydralisk  
  132  9:04  Hydralisk x6  
  142  9:12  Overlord  
  130  9:18  Hydralisk  
  130  9:19  Hydralisk x6  
  136  9:24  Drone  
  133  9:32  Drone  
  133  9:38  Hydralisk x5  
  135  9:47  Zerg Ground Armor Level 1  
  135  9:49  Viper  
  135  9:51  Spore Crawler  
  139  9:53  Roach x4  
  139  9:54  Drone  
  139  9:59  Hydralisk  
  144  10:10  Hatchery  
  141  10:18  Hydralisk x5  
  145  10:31  Drone x3  
  145  10:33  Viper  
  151  10:36  Viper  
  151  10:37  Zergling x12  
  151  10:38  Zergling x6  
  163  10:52  Roach x10, Extractor  
  163  10:53  Overlord  
  163  10:55  Extractor  
  181  10:58  Drone  
  181  10:59  Drone x2  
  181  11:01  Spine Crawler  
  179  11:36  Spire  
  173  11:42  Hydralisk x2  
  173  11:43  Hydralisk x6  
Tags
 
Add a new tag
Caveats
  • Supply blocks, unpowered buildings, or Contaminate may cause inaccurate times.
  • Supply counts are checked every 10 seconds.